woodfighter, neutral female human Wizard .-- ....| ..f..-- ..G@... ..Gh... ..... ... woodfighter the Thaumaturge Experience level: 7 Strength: 11 Dexterity: 11 Constitution: 17 Intelligence: 19 Wisdom: 16 Charisma: 6 Health: 0(49) Energy: 74(78) Def: 14 Gold: 0 Moves: 4050 Dungeon seed: vinqW4Q1L3BoTbLZ Game ID: woodfighter_1448288239 Your Inventory: Weapons a - a blessed +1 quarterstaff (weapon in hands) Armor e - an uncursed +0 cloak of magic resistance (being worn) n - a cursed +0 dwarvish cloak q - an uncursed +0 orcish helm (being worn) r - a blessed greased +3 silver dragon scale mail (being worn) P - an uncursed +0 dwarvish cloak Y - an uncursed +4 dwarvish cloak Comestibles g - 3 uncursed food rations j - an uncursed orange F - an uncursed clove of garlic M - 2 uncursed pizzas Rings D - an uncursed +1 ring of gain constitution (on left hand) Wands Q - a wand of undead turning (0:3) Tools c - an uncursed lock pick i - an uncursed brass lantern (0:1333) m - a +0 pick-axe s - an uncursed bag of holding z - a blessed oil lamp (lit) (0:585) G - 7 uncursed tallow candles (0:200) H - 2 cursed tallow candles (0:200) K - 4 blessed tallow candles (0:200) Gems y - an uncursed jasper stone N - an uncursed worthless piece of white glass O - an uncursed worthless piece of orange glass Contents of the bag of holding: 125 gold pieces an uncursed scroll of identify an uncursed potion of enlightenment a cursed potion of healing an uncursed potion of invisibility an uncursed potion of paralysis a magic marker (0:81) a cursed flint stone Spells and supernatural/magical abilities: Name Level Category Fail Memory a - force bolt 1 attack 0% 80% k - knock 1 matter 0% 80% W - pray for help -- divine ? -- Your skills at the end: Miscellaneous Skills wands [Basic] Weapon Skills quarterstaff [Basic] Spellcasting Skills attack spells [Skilled] enchantment spells [Basic] Final Attributes: You were fervently aligned. You were magic-protected. You were confused. You had reflection. You are dead. Vanquished creatures: a ghost a djinni a watchman 2 leprechauns a giant spider a gnome king 2 dingos 4 dwarf lords a blue jelly a water nymph a rock mole a violet fungus 8 gnome lords a gnomish wizard 2 elf zombies a straw golem a giant ant 11 dwarves an iguana a dwarf zombie 4 coyotes a gas spore a hobbit an acid blob a gecko a green mold 32 gnomes a gnome zombie 3 jackals 2 foxes a kobold 3 newts 3 goblins 4 grid bugs 2 bats 103 creatures vanquished. Voluntary challenges: You had been an atheist until turn 2692. You used a wielded weapon 38 times, starting on turn 347. You did not apply a unicorn horn. You read items or engraved 3 times, starting on turn 2714. You never genocided any monsters. You never polymorphed an object. You never changed form. You used 1 wish, starting on turn 3382. You did not wish for any artifacts. You never split a pudding. You never wrote Elbereth's name. You violated your moral code, losing 2 points of alignment, starting on turn 2650. Dungeon overview: The Dungeons of Doom: levels 1 to 3 Level 1 some fountains a long staircase Level 2 stairs to The Gnomish Mines Level 3 The Gnomish Mines: levels 3 to 8 Level 3 stairs to The Dungeons of Doom Level 4 Level 5 Level 6 many shops, a temple to Ptah, a magic chest, some fountains Level 7 Level 8 <- You were here History has recorded: On T:1 you entered the Dungeons of Doom to retrieve the Amulet of Yendor! On T:254 you reached level 2 of The Dungeons of Doom. On T:619 you reached level 1 of The Gnomish Mines. On T:656 you reached level 3 of The Dungeons of Doom. On T:875 you advanced to experience level 2. On T:891 you advanced to experience level 3. On T:952 you advanced to experience level 4. On T:1131 you reached level 2 of The Gnomish Mines. On T:1182 you advanced to experience level 5. On T:1659 you reached level 3 of The Gnomish Mines. On T:1911 you advanced to experience level 6. On T:2295 you reached level 4 of The Gnomish Mines. On T:2688 you entered the Minetown temple On T:2704 you opened a magic chest. On T:2707 you opened a magic chest. On T:2713 you opened a magic chest. On T:2895 you advanced to experience level 7. On T:2912 you opened a magic chest. On T:3220 you opened a magic chest. On T:3224 you opened a magic chest. On T:3320 you reached level 5 of The Gnomish Mines. On T:3382 you wished for "+3 blessed greased fixed silver dragon scale mail". On T:3608 you reached level 6 of The Gnomish Mines. Score breakdown: Gold: 125 ( 12 points) Experience: 7 levels ( 600 points) Exploration: 8 levels ( 210 points) Discoveries: 7 items ( 350 points) Variety of kills: 35 monsters ( 1750 points) Major goal: reached Minetown ( 500 points) Survival: died (score multiplied by 3) Total score: 10266 Latest messages: You put a cursed pine wand into the magic chest. You put a cursed short wand into the magic chest. You put a cursed lock pick into the magic chest. You put a cursed towel into the magic chest. You drop an uncursed dwarvish cloak. You sold an uncursed dwarvish cloak for 30 gold pieces. You drop an uncursed dwarvish cloak. You sold an uncursed dwarvish cloak for 25 gold pieces. You drop an uncursed dwarvish cloak. You sold an uncursed dwarvish cloak for 25 gold pieces. You drop an uncursed dwarvish cloak. You sold an uncursed dwarvish cloak for 25 gold pieces. You drop an uncursed dwarvish cloak. You fail to cast the spell correctly. Kitty misses the gnome. The dwarf lord thrusts his dagger. The dwarf lord stabs you! The dwarf lord thrusts his dagger. The dwarf lord stabs you! The gnome punches you! You die... Final status: Goodbye woodfighter the Wizard, killed by a gnome... You died in The Gnomish Mines on dungeon level 8 with 10266 points, and 125 pieces of gold, after 4050 moves. You were level 7 with a maximum of 49 hit points when you died.